 Dungeon Crawl Stone Soup version 0.27.0-65-ge2af304b15 (webtiles) character file.

Game seed: 4518063803837796506

4 Malachi the Sneak (level 1, -1/13 HPs)
             Began as a Vampire Enchanter on Aug 19, 2021.
             Slain by a kobold (3 damage)
             ... on level 1 of the Dungeon.
             The game lasted 00:00:15 (210 turns).

Malachi the Sneak (Vampire Enchanter)                Turns: 210, Time: 00:00:16

Health: -1/13      AC:  2    Str:  7    XL:     1   Next: 58%
Magic:  2/3        EV: 12    Int: 17    God:
Gold:   28         SH:  0    Dex: 14    Spells: 3/4 levels left

rFire    . . .     SeeInvis +   a - +1 dagger
rCold    . . .     Faith    .   (no shield)
rNeg     . . .     Spirit   .   b - +0 robe
rPois    .         Reflect  .   (no helmet)
rElec    .         Harm     .   (no cloak)
rCorr    .         Rampage  .   (no gloves)
Will     .....                  (no boots)
Stlth    +++.......             (no amulet)
HPRegen  0.24/turn              (no ring)
MPRegen  0.08/turn              (no ring)

@: healing quickly
A: alive, fangs 3, see invisible, vampiric 1
a: Exsanguinate


You were on level 1 of the Dungeon.
You visited 1 branch of the dungeon, and saw 1 of its levels.

You collected 28 gold pieces.

Inventory:

Hand Weapons
 a - a +1 dagger (weapon)
Armour
 b - a +0 robe (worn)


   Skills:
 - Level 1.1 Short Blades
 - Level 2.1 Dodging
 * Level 5.0 Stealth
 - Level 2.0 Spellcasting
 - Level 4.4 Hexes


You had 3 spell levels left.
You knew the following spells:

 Your Spells              Type           Power      Damage    Failure   Level
a - Corona                Hex            17%        N/A       3%          1

Your spell library contained the following spells:

 Spells                   Type           Power      Damage    Failure   Level
 Confusing Touch          Hex            16%        N/A       10%         3
 Tukima's Dance           Hex            16%        N/A       10%         3
 Ensorcelled Hibernation  Hex/Ice        18%        N/A       12%         2
 Dazzling Flash           Conj/Hex       18%        N/A       24%         3


Dungeon Overview and Level Annotations

Branches:
Dungeon (1/15)

Altars:


Innate Abilities, Weirdness & Mutations

Your natural rate of healing is accelerated.
You have razor-sharp teeth.
You have supernaturally acute eyesight. (SInv)
You are afflicted with vampirism.


Message History

Done waiting.
There is an open door here.
You see here a rat corpse.
You now have 28 gold pieces (gained 15).
A kobold comes into view. It is wielding a +0 whip.
A kobold is nearby!
A kobold is nearby!
A kobold is nearby!
A kobold is nearby!
A frilled lizard and a goblin come into view.
The kobold shouts!
The goblin shouts!
The frilled lizard hisses angrily.
The kobold throws a stone.
The stone barely misses you.
The kobold throws a stone.
The stone hits you.
Casting: Corona (safe; 3% risk of failure)
Confirm with . or Enter, or press ? or * to list all spells.
Aiming: Corona (safe; 3% risk of failure)
Press: ? - help, Shift-Dir - straight line, f - goblin
Aim: a goblin, wielding a +0 dagger (chance to affect: 71%)
The goblin barely resists.
The goblin hits you with a +0 dagger.
You hit the goblin. You bite the goblin.
The goblin is almost dead.
The goblin hits you with a +0 dagger.
You are too injured to fight recklessly!
You hit the goblin.
You kill the goblin!
You closely miss the frilled lizard. The frilled lizard closely misses you.
You hit the frilled lizard. Your bite misses the frilled lizard.
The frilled lizard is moderately wounded.
The frilled lizard barely misses you.
You hit the frilled lizard.
You kill the frilled lizard!
The kobold throws a stone.
The stone closely misses you.
Your Stealth skill increases to level 5!
The kobold hits you with a +0 whip.
* * * LOW HITPOINT WARNING * * *
Things that are here:
a +0 dagger; a frilled lizard corpse; a goblin corpse You closely miss the kobold.
You bite the kobold, but do no damage. The kobold hits you with a +0 whip.
You die...

..#######........ .##
##...###### .# #.....#
## .# ##...## .. .#
##.## .# .# #.# .# ##
#.# .# ##†## #####.#
##†..###..@K.# #
##.....##.###....... ##
##.......#.# ..##.##
.####..........###...#
....+..................
....#..........#.#...###
##..##.......#.#.#..##
.###.....##.# #.## #
##...###..


You could see a kobold.

Vanquished Creatures
  A goblin (D:1)
  A quokka (D:1)
  A frilled lizard (D:1)
  2 rats (D:1)
5 creatures vanquished.

Notes
Turn   | Place    | Note
-------+----------+-------------------------------------------
     0 | D:1      | Malachi the Vampire Enchanter began the quest for the Orb.
     0 | D:1      | Reached XP level 1. HP: 13/13 MP: 3/3
   209 | D:1      | Reached skill level 5 in Stealth
   210 | D:1      | Slain by a kobold

Illustrated notes

Levels and vault maps discovered:
D:1:      dpeg_arrival_round_c, layout_loops_corners,
          hellmonk_ecumenical_altar_pennies_from_heaven,
          minmay_shallow_snake_nest

Skill      XL: |  1 |
---------------+----+-----
Stealth        | 5 |  5.0
Short Blades   | |  1.1
Dodging        | |  2.1
Spellcasting   | |  2.0
Hexes          | |  4.4

Action                   || total
-------------------------++-------
Melee: Dagger            ||    14
       Bite              ||     2
 Cast: Corona            ||     1
 Stab: Sleeping          ||     1
Armor: Robe              ||     1
Dodge: Dodged            ||     5
